 Dungeon Crawl Stone Soup version 0.21-a0-513-gdcb3f5eb25 (webtiles) character file.

51 Kaname the Magician (level 3, -1/24 HPs)
             Began as a Demonspawn Wizard on Dec 2, 2017.
             Killed from afar by Sigmund (5 damage)
             ... with a puff of flame
             ... on level 2 of the Dungeon.
             The game lasted 00:03:48 (1050 turns).

Kaname the Magician (Demonspawn Wizard)             Turns: 1050, Time: 00:03:50

Health: -1/24      AC:  2    Str: 12    XL:     3   Next: 57%
Magic:  0/7        EV: 12    Int: 20    God:
Gold:   36         SH:  0    Dex: 11    Spells: 2/8 levels left

rFire    . . .     SeeInvis .   g - +2 dagger (speed)
rCold    + . .     Gourm    .   (no shield)
rNeg     . . .     Faith    .   a - +0 robe
rPois    .         Spirit   .   b - +0 hat
rElec    .         Reflect  .   (no cloak)
rCorr    .         Harm     .   (no gloves)
MR       .....                  (no boots)
Stlth    ++........             (no amulet)
HPRegen  0.08/turn              o - ring of protection from cold
MPRegen  0.10/turn              (no ring)

@: mighty, very slightly contaminated
A: claws 1, powered by pain 1
a: no special abilities


You were on level 2 of the Dungeon.
You were hungry.

You visited 1 branch of the dungeon, and saw 2 of its levels.

You collected 36 gold pieces.

Inventory:

Hand Weapons
 g - a +2 dagger of speed (weapon)
Armour
 a - a +0 robe (worn)
 b - a +0 hat (worn)
Jewellery
 o - a ring of protection from cold (left claw)
Scrolls
 e - a scroll of enchant armour {unknown}
 h - a scroll of enchant weapon {unknown}
 i - a scroll of random uselessness {unknown}
 p - a scroll of magic mapping {unknown}
 q - a scroll of identify {unknown}
Potions
 n - a potion of might {unknown}
Books
 c - a book of Minor Magic

   Spells                             Type                      Level
   a - Magic Dart                     Conjuration                  1
   b - Blink                          Translocation                2
   c - Call Imp                       Summoning                    2
   d - Slow                           Hexes                        2
   e - Conjure Flame                  Conjuration/Fire             3
   f - Mephitic Cloud                 Conjuration/Poison/Air       3
 m - a book of Cantrips

   Spells                             Type                      Level
   a - Confusing Touch                Hexes                        1
   b - Animate Skeleton               Necromancy                   1
   c - Summon Small Mammal            Summoning                    1
   d - Apportation                    Translocation                1
Comestibles
 d - 2 bread rations
 f - 2 fruits
 k - a meat ration
 l - a royal jelly


   Skills:
 - Level 1.7 Dodging
 - Level 1.7 Stealth
 - Level 3.0 Spellcasting
 - Level 3.0 Conjurations
   Level 1.0 Summonings
 - Level 1.0 Translocations
 - Level 1.0 Air Magic
 + Level 0.7 Poison Magic


You had 2 spell levels left.
You knew the following spells:

 Your Spells              Type           Power        Failure   Level  Hunger
a - Magic Dart            Conj           ###.         4%          1    None
b - Blink                 Tloc           N/A          14%         2    ##.....
c - Mephitic Cloud        Conj/Pois/Air  #.......     22%         3    ###....


Dungeon Overview and Level Annotations

Branches:
Dungeon (2/15)

Altars:

Annotations:
D:2 Sigmund


Innate Abilities, Weirdness & Mutations

You have sharp fingernails.
You sometimes gain a little power by taking damage.


Message History

The ball explodes into a vile cloud!
The stinking cloud engulfs Sigmund.
You hear a shout!
Sigmund is engulfed in noxious fumes.
Sigmund says, "I'm your fate."
Sigmund hits you from afar with a scythe!
* * * LOW HITPOINT WARNING * * *
You focus on the pain.
You feel very mighty all of a sudden.
Casting: Mephitic Cloud
Confirm with . or Enter, or press ? or * to list all spells.
Aiming: Mephitic Cloud
Press: ? - help, Shift-Dir - straight line, f/p - Sigmund
Aim: Sigmund, wielding a scythe and wearing a robe (lightly wounded)
You miscast Mephitic Cloud.
You are very lightly contaminated with residual magic.
You feel a strange surge of energy!
You are feeling hungry.
Sigmund gestures at you while chanting. The puff of flame hits you!
You die...

#. #. .P #. #####.# ##.#
....... #### #...## ....P
###..# #....#######
....#####..#(#
#.......)).###@.# #.........
####....####..@.#..#.#.##...#†#
.........# ##....@..##.###....#
.#######.# ##.....###.# ####.#
#.# ##...## #.######.#
#.#######+## #........#
#.........# ########.#
#..#####..# ####### #.# #..#
#..## #.....# #.# #######..#
###...###.###.# #.#


You could see Sigmund.

Vanquished Creatures
  A dart slug (D:1)
  3 leopard geckos
  2 giant cockroaches
  9 goblins
  8 hobgoblins
  2 jackals (D:1)
  4 bats
  2 frilled lizards (D:1)
  3 kobolds (D:1)
  4 rats
38 creatures vanquished.

Notes
Turn   | Place    | Note
-------+----------+-------------------------------------------
     0 | D:1      | Kaname the Demonspawn Wizard began the quest for the Orb.
     0 | D:1      | Reached XP level 1. HP: 13/13 MP: 4/4
   192 | D:1      | Gained mutation: You have sharp fingernails. [demonic ancestry]
   192 | D:1      | Reached XP level 2. HP: 19/19 MP: 0/6
   562 | D:1      | Learned a level 2 spell: Blink
   564 | D:1      | Gained mutation: You sometimes gain a little power by taking damage. [demonic ancestry]
   564 | D:1      | Reached XP level 3. HP: 21/24 MP: 1/7
   568 | D:1      | Reached skill level 1 in Translocations
   573 | D:1      | Learned a level 3 spell: Mephitic Cloud
   901 | D:2      | Reached skill level 1 in Air Magic
  1044 | D:2      | Noticed Sigmund
  1050 | D:2      | Killed from afar by Sigmund

Vault maps used:
D:1:      minmay_arrival_solitary_statue, minmay_hexomino_u4
D:2:      lemuel_round_altar, first_bread, chequers_ecumenical_altar_lobes,
          uniq_natasha, uniq_sigmund

Skill      XL: |  1  2  3 |
---------------+----------+-----
Conjurations   | 2 3 |  3.0
Translocations | 1 |  1.0
Air Magic      | 1 |  1.0
Dodging        | |  1.7
Stealth        | |  1.7
Spellcasting   | |  3.0
Summonings     | |  1.0
Poison Magic   | |  0.7

Action                   || total
-------------------------++-------
Melee: Unarmed           ||    12
       Dagger            ||    55
 Cast: Magic Dart        ||    60
       Mephitic Cloud    ||     1
Armor: Robe              ||    10
Dodge: Dodged            ||    44

Table legend:
 A = Spawn XP
 B = Non-spawn XP
 C = Spawn XP percentage of total XP
 D = Spawn monster count
 E = Non-spawn monster count
 F = Spawn count percentage of total count
 G = Total turns spent on level
                    A         B        C        D         E        F      G
               +---------+---------+-------+---------+---------+-------+---------
         Total |       0 |      73 |   0.0 |       0 |      38 |   0.0 |  1050
               +---------+---------+-------+---------+---------+-------+---------
           D:1 |       0 |      51 |   0.0 |       0 |      27 |   0.0 |   741
           D:2 |       0 |      22 |   0.0 |       0 |      11 |   0.0 |   309
               +---------+---------+-------+---------+---------+-------+---------
